Map: Cerulean Fall LE

Players

MorphedZerg - Winner!

  • Race: Zerg Zerg
  • Spawn Location: 7:00

A.I. 1 (Hard)

  • Race: Protoss Protoss
  • Spawn Location: 1:00

VOD

Have the link to the VOD?

Description

Time

  • Played on: Oct. 11, 2018, 6:07 a.m.
  • Length: 9:39
Show
View Real Time Build Order
Export as new Build Order

MorphedZerg Zerg - Winner!

Build Orders: Hatch First 

Get SALT Encoding   

  12  0:02  Drone  
  13  0:13  Overlord  
  13  0:17  Drone  
  14  0:32  Drone  
  14  0:33  Drone  
  17  0:35  Drone  
  17  0:46  Drone  
  18  0:58  Hatchery  
  18  1:03  Drone  
  18  1:08  Extractor  
  18  1:11  Drone  
  18  1:19  Spawning Pool  
  18  1:22  Drone  
  18  1:29  Overlord  
  18  1:40  Drone  
  19  1:51  Drone  
  20  2:03  Drone  
  20  2:07  Queen  
  23  2:13  Drone  
  23  2:14  Queen  
  26  2:17  Metabolic Boost  
  26  2:23  Zergling x2  
  26  2:24  Zergling x2  
  26  2:29  Drone  
  29  2:33  Drone x2  
  31  2:42  Overlord  
  31  3:00  Drone x3  
  34  3:07  Lair, Extractor  
  34  3:12  Drone  
  34  3:13  Queen  
  34  3:18  Drone x3  
  39  3:38  Extractor  
  39  3:40  Extractor  
  37  3:46  Drone x4  
  37  3:47  Drone x2  
  37  3:48  Drone  
  44  3:50  Hatchery  
  44  3:52  Overlord  
  43  4:03  Drone  
  44  4:14  Hydralisk Den  
  44  4:15  Drone  
  44  4:27  Spore Crawler  
  44  4:30  Spore Crawler  
  42  4:35  Zergling x4  
  44  4:40  Drone  
  44  4:41  Drone x2  
  47  4:56  Hydralisk x2  
  51  5:00  Overlord x2  
  51  5:06  Muscular Augments  
  51  5:15  Overseer  
  51  5:19  Drone x2  
  51  5:20  Hydralisk x2  
  51  5:21  Hydralisk x3  
  63  5:30  Hydralisk x2  
  67  5:47  Drone x2  
  67  5:49  Drone x2  
  72  5:50  Drone x3  
  72  5:56  Overlord x2  
  74  6:16  Hatchery  
  74  6:18  Hydralisk x2, Grooved Spines  
  73  6:19  Hydralisk x4  
  73  6:20  Hydralisk  
  73  6:23  Overlord  
  87  6:46  Drone x3  
  84  7:07  Hydralisk x4  
  84  7:08  Hydralisk x2  
  92  7:11  Overlord x2  
  92  7:12  Overlord  
  96  7:28  Drone  
  97  7:41  Queen  
  97  7:44  Hydralisk x4  
  99  7:45  Hydralisk x5  
  99  7:46  Hydralisk x2  
  99  7:47  Hydralisk x2  
  125  8:15  Hydralisk  
  127  8:20  Overlord x5  
Show
View Real Time Build Order
Export as new Build Order

A.I. 1 (Hard) Protoss 

Build Orders:  

Get SALT Encoding   

  12  0:00  Probe  
  13  0:13  Probe  
  14  0:20  Pylon  
  14  0:25  Probe  
  15  0:34  Probe  
  15  0:42  Probe  
  16  0:47  Assimilator  
  17  0:50  Gateway  
  17  0:51  Probe  
  18  0:59  Probe  
  18  1:01  Pylon  
  19  1:21  Probe  
  20  1:38  Zealot  
  22  1:40  Gateway  
  22  1:43  Cybernetics Core  
  22  1:45  Assimilator  
  22  2:00  Pylon  
  22  2:17  Zealot  
  22  2:22  Warp Gate  
  24  2:31  Adept  
  26  2:38  Pylon  
  26  2:44  Adept  
  28  2:52  Adept  
  30  3:11  Stalker  
  32  3:19  Pylon  
  32  3:20  Probe  
  32  3:21  Stalker  
  35  3:33  Probe  
  36  3:41  Stalker  
  36  3:42  Forge  
  36  3:45  Probe  
  39  3:51  Adept  
  41  3:57  Probe  
  42  4:05  Probe  
  43  4:11  Adept  
  43  4:13  Probe  
  46  4:26  Adept  
  48  6:05  Protoss Ground Weapons Level 1  
  48  6:14  Sentry  
  48  6:15  Gateway  
  48  6:17  Pylon  
  50  6:20  Photon Cannon  
  50  6:21  Nexus, Photon Cannon  
  50  6:24  Sentry  
  52  6:25  Robotics Facility  
  52  6:29  Forge  
  52  6:32  Stargate  
  52  6:34  Stalker  
  52  6:39  Pylon  
  54  6:42  Twilight Council  
  54  6:46  Stalker  
  56  6:56  Zealot  
  42  7:02  Protoss Ground Armor Level 1  
  36  7:09  Zealot  
  36  7:14  Observer  
  39  7:19  Stalker  
  41  7:29  Adept  
  43  7:31  Probe  
  43  7:35  Probe, Observer  
  46  7:39  Adept, Probe  
  49  7:48  Probe x2  
  49  7:49  Stalker  
  52  7:55  Assimilator  
  52  7:58  Pylon  
  53  7:59  Pylon, Stalker  
  53  8:00  Probe x2  
  57  8:09  Sentry  
  57  8:12  Probe  
  60  8:13  Probe  
  60  8:19  Sentry, Photon Cannon  
  63  8:23  Photon Cannon  
  63  8:24  Probe  
  63  8:25  Probe  
  65  8:29  Zealot  
  65  8:33  Zealot  
  59  8:36  Probe  
  44  8:42  Zealot  
  44  8:47  Zealot  
  44  8:50  Zealot  
  40  9:01  Stalker  
  35  9:05  Stalker  
  20  9:11  Zealot  
  20  9:15  Pylon  
  14  9:26  Probe  
Tags
 
Add a new tag
Caveats
  • Supply blocks, unpowered buildings, or Contaminate may cause inaccurate times.
  • Supply counts are checked every 10 seconds.